Map: Torri del crepuscolo

Players

AudibleGasp

  • Race: Zerg Zerg
  • League: Silver

Jhyrachy - Winner!

  • Race: Zerg Zerg
  • League: Silver

VOD

Have the link to the VOD?

Description

Time

  • Played on: March 18, 2016, 7:20 a.m.
  • Length: 21:32
Show
View Real Time Build Order
Export as new Build Order

AudibleGasp Zerg 

Build Orders: Hatch First 

Get SALT Encoding   

  12  0:01  Drone  
  13  0:13  Overlord  
  13  0:39  Hatchery  
  13  0:42  Extractor  
  11  0:44  Drone  
  12  1:05  Spawning Pool  
  12  1:08  Drone  
  12  1:16  Drone  
  13  1:27  Drone  
  13  1:28  Drone  
  15  1:38  Drone  
  16  1:50  Drone  
  16  1:52  Zergling x2  
  16  1:54  Queen  
  18  1:59  Drone  
  21  2:05  Drone  
  22  2:16  Metabolic Boost  
  22  2:17  Drone  
  23  2:26  Drone  
  24  2:33  Spine Crawler  
  23  2:41  Zergling x2  
  24  2:44  Drone x2  
  24  2:45  Drone  
  24  2:50  Overlord  
  27  3:08  Zergling x2, Queen  
  27  3:09  Zergling x4  
  27  3:10  Extractor  
  29  3:43  Overlord x4  
  29  3:50  Baneling Nest  
  28  4:00  Queen  
  30  4:07  Zergling x2  
  30  4:08  Zergling x10  
  36  4:19  Evolution Chamber  
  36  4:21  Drone  
  36  4:37  Drone  
  36  4:38  Drone x4  
  41  4:45  Zerg Melee Weapons Level 1  
  41  4:52  Drone x3  
  44  4:55  Baneling x3  
  44  5:15  Drone  
  44  5:17  Hatchery  
  44  5:25  Burrow, Pneumatized Carapace  
  44  5:34  Zergling x10  
  49  5:46  Zergling x6  
  52  6:04  Overlord  
  52  6:05  Overlord x4  
  52  6:27  Zergling x10  
  57  6:34  Baneling x3  
  57  6:36  Baneling  
  57  6:45  Drone x4  
  61  6:49  Drone x2  
  61  6:50  Lair  
  61  6:53  Baneling x3  
  63  6:55  Roach Warren  
  63  7:00  Extractor  
  61  7:08  Zergling x2  
  61  7:09  Zergling x8  
  61  7:10  Zergling x2  
  66  7:53  Roach x4  
  66  7:54  Roach x6  
  66  7:58  Baneling x5  
  85  7:59  Baneling x2  
  85  8:01  Baneling x7, Centrifical Hooks  
  85  8:04  Overseer, Overlord x3  
  85  8:29  Roach x5  
  85  8:30  Roach  
  85  8:32  Baneling x3  
  85  8:33  Baneling  
  96  8:40  Overseer  
  96  8:41  Drone  
  96  8:45  Extractor  
  96  8:52  Ravager  
  97  9:18  Drone, Zergling x2  
  97  9:19  Drone x6  
  97  9:20  Drone  
  106  9:28  Drone x2  
  106  9:30  Zerg Ground Armor Level 1, Glial Reconstitution  
  100  9:55  Roach x5  
  100  9:56  Roach  
  100  9:57  Overlord x4  
  99  10:08  Baneling x7  
  99  10:13  Spore Crawler  
  95  10:18  Spore Crawler  
  75  10:31  Baneling x4  
  75  10:35  Drone x3  
  68  10:36  Drone x4  
  55  11:01  Roach x4  
  55  11:02  Roach x2  
  56  11:08  Spore Crawler  
  39  11:20  Drone  
  36  11:28  Roach x6  
  32  11:34  Roach x5  
  32  11:38  Drone x2  
  34  11:48  Ravager x2  
  36  12:07  Zergling x6  
  37  12:11  Roach x5  
  35  12:21  Roach x5  
  31  12:34  Roach x2  
  31  12:35  Roach  
  37  12:37  Drone  
  30  13:01  Drone  
  30  13:02  Drone x4  
  30  13:25  Drone x4  
  30  13:26  Drone  
  36  13:34  Ravager  
  36  13:41  Spore Crawler  
  35  13:57  Extractor  
  34  14:06  Drone x5  
  34  14:07  Drone x2  
  41  14:21  Spore Crawler  
  40  14:24  Overlord  
  40  14:41  Infestation Pit  
  40  14:42  Queen  
  41  14:47  Drone x2  
  41  14:48  Drone  
  44  15:05  Spore Crawler  
  43  15:08  Spore Crawler  
  43  15:09  Spore Crawler  
  41  15:19  Spawning Pool  
  37  15:29  Infestor  
  35  15:43  Infestor  
  35  15:48  Overlord x4  
  35  15:50  Roach x2  
  29  16:19  Infestor  
  29  16:31  Ravager x2  
  31  16:33  Drone x6  
  37  16:46  Spawning Pool  
  34  16:58  Infestor  
  34  16:59  Drone x3  
  34  17:00  Drone x2  
  39  17:07  Evolution Chamber  
  38  17:25  Overlord x2  
  38  17:29  Infestor  
  38  17:48  Extractor  
  37  18:24  Lair  
  37  18:31  Roach Warren  
  36  18:45  Infestor  
  36  18:51  Overlord  
  36  18:52  Overlord x5  
  36  19:09  Overlord x2  
  34  19:47  Spire  
  33  20:25  Overlord x4  
  33  20:26  Overlord  
  33  20:34  Queen  
  35  20:35  Queen  
  35  20:41  Spore Crawler  
  36  20:43  Drone x2  
  38  20:59  Mutalisk  
  38  21:00  Mutalisk x3  
Show
View Real Time Build Order
Export as new Build Order

Jhyrachy Zerg - Winner!

Build Orders: Hatch First 

Get SALT Encoding   

  12  0:04  Drone  
  13  0:12  Drone  
  14  0:17  Overlord  
  14  0:35  Drone  
  14  0:36  Drone  
  14  0:37  Drone  
  17  0:57  Extractor  
  17  0:58  Hatchery, Drone  
  17  1:01  Drone  
  17  1:18  Spawning Pool  
  16  1:22  Drone  
  17  1:26  Overlord  
  17  1:34  Drone  
  18  1:45  Drone  
  19  1:54  Drone  
  20  2:05  Metabolic Boost  
  20  2:11  Queen  
  20  2:12  Zergling x2  
  20  2:14  Zergling x2  
  24  2:19  Drone  
  25  2:33  Queen  
  27  2:48  Drone x4  
  27  2:49  Drone x2  
  33  3:07  Roach Warren  
  32  3:15  Evolution Chamber  
  29  3:47  Zergling x6  
  29  3:48  Zergling x8  
  36  3:52  Overlord x2  
  36  4:11  Drone x3  
  36  4:12  Drone  
  36  4:16  Extractor  
  39  4:22  Queen  
  41  4:39  Drone x2  
  41  4:40  Drone  
  41  4:45  Roach  
  46  4:46  Roach x3  
  52  5:21  Overlord x3  
  52  5:25  Zerg Ground Armor Level 1  
  52  5:42  Lair  
  52  5:50  Extractor x2, Drone  
  52  5:51  Drone x2  
  52  6:28  Evolution Chamber  
  51  6:37  Spine Crawler  
  50  6:46  Baneling Nest  
  49  6:53  Drone x2  
  49  6:54  Drone  
  52  6:55  Drone x3  
  52  6:56  Drone x2  
  52  6:57  Drone  
  58  7:15  Overlord x3  
  58  7:26  Spore Crawler  
  57  7:35  Spire  
  56  8:05  Zerg Missile Weapons Level 1  
  56  8:21  Pneumatized Carapace  
  56  8:56  Overlord x2  
  56  8:57  Overlord x2  
  56  9:00  Mutalisk x4  
  56  9:01  Mutalisk x8  
  80  9:15  Roach  
  80  9:16  Roach x2  
  84  10:36  Roach  
  84  10:37  Roach x12  
  78  11:47  Mutalisk  
  78  11:48  Mutalisk x5  
  86  12:08  Hatchery  
  70  12:31  Roach x12  
  94  12:37  Queen  
  84  13:01  Overseer  
  80  13:37  Queen  
  82  13:43  Mutalisk x8  
  98  13:55  Queen  
  98  13:58  Queen  
  102  14:13  Queen  
  102  14:14  Zerg Flyer Weapons Level 1  
  104  14:31  Queen  
  106  14:57  Drone x6  
  106  14:58  Drone x6  
  116  17:09  Roach x7  
  116  17:11  Overlord x5  
  130  17:37  Hatchery  
  130  17:38  Zerg Ground Armor Level 2  
  130  17:39  Extractor x2  
  130  17:43  Zerg Flyer Armor Level 1  
  127  17:49  Roach x6  
  127  17:50  Roach x9  
  157  18:26  Roach  
  165  18:27  Roach x5  
  169  18:53  Overlord  
  169  18:54  Overlord x3  
  167  20:04  Roach  
  167  20:05  Roach x15  
  199  20:11  Burrow  
  199  20:36  Hatchery  
Tags
 
Add a new tag
Caveats
  • Supply blocks, unpowered buildings, or Contaminate may cause inaccurate times.
  • Supply counts are checked every 10 seconds.